Map: Ulrena

Players

AcerBly (Bly) - Winner!

  • Race: Zerg Zerg

ZooWhaleTail (TooDming)

  • Race: Zerg Zerg
  • League: Diamond

Event: NationWars III

VOD

Have the link to the VOD?

Description

Time

  • Played on: Dec. 3, 2015, 3:46 p.m.
  • Length: 6:47
Show
View Real Time Build Order
Export as new Build Order

AcerBly Zerg - Winner!

Build Orders: Pool First 

Get SALT Encoding   

  12  0:01  Drone  
  13  0:11  Drone  
  14  0:14  Extractor  
  13  0:29  Spawning Pool  
  13  0:33  Drone  
  13  0:35  Drone  
  14  0:45  Extractor  
  14  0:46  Drone  
  15  0:54  Overlord  
  15  1:16  Zergling x2  
  15  1:17  Queen  
  18  1:20  Metabolic Boost  
  18  1:24  Zergling x2  
  19  1:29  Zergling x2  
  20  1:34  Zergling x2  
  21  1:44  Baneling Nest  
  20  1:47  Zergling x2  
  21  1:56  Overlord  
  21  2:01  Zergling x2  
  22  2:19  Zergling x2  
  23  2:26  Zergling x8  
  23  2:28  Baneling x3  
  27  2:35  Baneling x2  
  27  2:42  Zergling x2  
  27  2:51  Zergling x2  
  27  2:53  Baneling  
  22  3:07  Zergling x8  
  24  3:29  Drone x2  
  26  3:50  Hatchery  
  26  3:53  Overlord  
  26  3:55  Drone x3  
  26  4:10  Roach Warren  
  26  4:16  Drone  
  26  4:17  Drone  
  27  4:19  Drone  
  27  4:23  Baneling  
  28  4:26  Drone  
  29  4:38  Overlord  
  29  4:41  Drone, Extractor  
  29  4:49  Queen  
  31  4:56  Roach x2  
  35  5:01  Roach  
  37  5:10  Roach  
  39  5:18  Roach  
  41  5:22  Roach  
  43  5:31  Overlord  
  43  5:46  Ravager x4  
  43  5:48  Zergling x4  
  43  5:49  Zergling x2  
  50  5:51  Baneling  
  50  5:55  Drone  
  51  6:22  Drone, Ravager x2, Zergling x2  
  51  6:23  Zergling x10  
Show
View Real Time Build Order
Export as new Build Order

ZooWhaleTail Zerg 

Build Orders: Pool Only 

Get SALT Encoding   

  12  0:01  Drone  
  13  0:09  Drone  
  14  0:18  Overlord  
  14  0:26  Extractor  
  14  0:27  Drone  
  14  0:40  Spawning Pool  
  13  0:44  Drone  
  13  0:48  Drone  
  15  0:52  Drone  
  15  0:57  Drone  
  17  1:07  Drone  
  18  1:26  Queen  
  18  1:28  Metabolic Boost  
  18  1:31  Zergling x4  
  22  1:39  Overlord  
  22  1:54  Roach Warren  
  21  1:59  Zergling x2  
  22  2:02  Zergling x2  
  23  2:11  Zergling x2  
  24  2:24  Overlord  
  24  2:36  Roach  
  26  2:40  Roach x2  
  26  2:44  Roach  
  32  2:46  Roach  
  32  2:53  Queen  
  17  3:08  Drone x3  
  16  3:24  Drone  
  17  3:39  Drone  
  18  3:46  Drone  
  19  3:54  Drone  
  20  4:01  Drone  
  21  4:06  Drone  
  22  4:12  Drone  
  23  4:18  Drone  
  23  4:23  Drone  
  25  4:27  Drone  
  26  4:38  Drone  
  27  4:41  Drone x2  
  29  4:50  Evolution Chamber, Drone  
  29  4:56  Drone  
  30  5:06  Lair  
  30  5:11  Drone  
  30  5:13  Drone  
  32  5:22  Extractor  
  32  5:25  Drone  
  32  5:30  Overlord  
  32  5:39  Roach  
  32  5:41  Roach  
  36  5:46  Overlord  
  36  5:53  Roach  
  38  5:59  Roach  
  40  6:06  Overlord  
  40  6:18  Overlord x2  
Tags
 
Add a new tag
Caveats
  • Supply blocks, unpowered buildings, or Contaminate may cause inaccurate times.
  • Supply counts are checked every 10 seconds.